 Dungeon Crawl Stone Soup version 0.27-a0-1374-gc14e5d3922 (webtiles) character file.

Game seed: 12764703098955380515

161791 Nattfarinn the Bludgeoner (level 17, -3/178 HPs)
             Began as an Ogre Warper on June 29, 2021.
             Was the Champion of Okawaru.
             Slain by a merfolk impaler (20 damage)
             ... on level 1 of the Shoals.
             The game lasted 01:41:33 (52307 turns).

Nattfarinn the Bludgeoner (Ogre Warper)            Turns: 52307, Time: 01:41:34

Health: -3/178     AC: 14    Str: 25    XL:     17   Next: 79%
Magic:  2/34       EV: 11    Int: 20    God:    Okawaru [******]
Gold:   4073       SH:  0    Dex:  8    Spells: 33/43 levels left

rFire    . . .     SeeInvis +   R - +4 giant club "Zump" {flame, rElec rPois rC+ Str+3}
rCold    + . .     Faith    .   (shield currently unavailable)
rNeg     . . .     Spirit   .   d - +3 robe of Clouds {+Thunder rCloud rElec}
rPois    +         Reflect  .   H - +4 hat "Utui" {rPois Will+ Str-2 Int+3}
rElec    +         Harm     .   B - scarf {repulsion}
rCorr    .         Rampage  .   (gloves unavailable)
Will     ++...                  (boots unavailable)
Stlth    +.........             E - amulet "Axaimang" {Regen+ Int+3 Slay+2}
HPRegen  1.39/turn              s - +4 ring of protection
MPRegen  0.24/turn              p - ring of see invisible

@: repel missiles
A: large, unfitting armour, tough skin 1
a: Renounce Religion, Evoke Thunderclouds, Heroism, Finesse


You were on level 1 of the Shoals.
You worshipped Okawaru.
Okawaru was exalted by your worship.
You visited 6 branches of the dungeon, and saw 29 of its levels.
You also visited: Bailey.

You collected 4073 gold pieces.

Inventory:

Hand Weapons
 a - the +5 great mace of Okawaru's Fury {vorpal, rF+ Str+4 Stlth+}
   (Okawaru gifted it to you on level 15 of the Dungeon)

   It inflicts extra damage upon your enemies.
   Str:       It affects your strength (+4).
   rF:        It protects you from fire.
   Stlth:     It makes you more stealthy.
 Q - the +4 great mace "Jothrapsi" {vorpal, rElec rPois rCorr Stlth+}
   (You acquired it on level 11 of the Dungeon)

   It inflicts extra damage upon your enemies.
   rElec:     It insulates you from electricity.
   rPois:     It protects you from poison.
   rCorr:     It protects you from acid and corrosion.
   Stlth:     It makes you more stealthy.
 R - the +4 giant club "Zump" (weapon) {flame, rElec rPois rC+ Str+3}
   (Okawaru gifted it to you on level 6 of the Lair of Beasts)

   It has been specially enchanted to burn those struck by it, causing extra
   injury to most foes and up to half again as much damage against particularly
   susceptible opponents.
   Str:       It affects your strength (+3).
   rC:        It protects you from cold.
   rElec:     It insulates you from electricity.
   rPois:     It protects you from poison.
Missiles
 y - 21 javelins
 K - 6 throwing nets
 U - 19 atropa-tipped darts
Armour
 b - a +0 tower shield
 d - the +3 robe of Clouds (worn) {+Thunder rCloud rElec}
   (You took it off an orc warrior in a bailey)

   rElec:     It insulates you from electricity.
 j - +1 steam dragon scales
 B - a scarf of repulsion (worn)
 H - the +4 hat "Utui" (worn) {rPois Will+ Str-2 Int+3}
   (Okawaru gifted it to you on level 14 of the Dungeon)

   Str:       It affects your strength (-2).
   Int:       It affects your intelligence (+3).
   rPois:     It protects you from poison.
   Will:      It increases your willpower.
Jewellery
 g - a ring of willpower
 i - an amulet of guardian spirit
 p - a ring of see invisible (right hand)
 r - a ring of magical power
 s - a +4 ring of protection (left hand)
 v - an amulet of regeneration
 E - the amulet "Axaimang" (around neck) {Regen+ Int+3 Slay+2}
   (You acquired it on level 7 of the Dungeon)

   [amulet of regeneration]

   Int:       It affects your intelligence (+3).
   Slay:      It affects your accuracy & damage with ranged weapons and melee
   (+2).
   Regen:     It increases your rate of health regeneration.
 I - a +6 ring of intelligence
Wands
 F - a wand of digging (4)
 G - a wand of acid (18)
 N - a wand of polymorph (29)
 S - a wand of paralysis (32)
 T - a wand of iceblast (16)
 W - a wand of charming (8)
 Y - a wand of flame (58)
 Z - a wand of mindburst (25)
Scrolls
 c - 6 scrolls of magic mapping
 e - 4 scrolls of vulnerability
 h - a scroll of silence
 l - 8 scrolls of enchant armour
 n - 4 scrolls of immolation
 t - 11 scrolls of amnesia
 u - 4 scrolls of fog
 w - 3 scrolls of teleportation
 C - 7 scrolls of identify
 M - 3 scrolls of holy word
 V - 3 scrolls of enchant weapon
Potions
 f - 4 potions of brilliance
 k - 3 potions of might
 m - 3 potions of magic
 o - 3 potions of haste
 q - a potion of resistance
 x - 2 potions of curing
 z - 4 potions of flight
 A - a potion of cancellation
 D - 5 potions of lignification
 L - 5 potions of berserk rage
 O - 6 potions of invisibility
 P - 3 potions of attraction
 X - 3 potions of ambrosia


   Skills:
 - Level 13.4 Fighting
 - Level 18.0 Maces & Flails
 - Level 1.0 Throwing
 - Level 2.5 Armour
 - Level 8.2 Dodging
 * Level 5.1 Shields
 - Level 13.6 Spellcasting
 - Level 11.3 Translocations
 - Level 9.8 Invocations


You had 33 spell levels left.
You knew the following spells:

 Your Spells              Type           Power      Damage    Failure   Level
a - Blink                 Tloc           N/A        N/A       1%          2
b - Teleport Other        Tloc           56%        N/A       1%          3
c - Manifold Assault      Tloc           56%        N/A       1%          5

Your spell library contained the following spells:

 Spells                   Type           Power      Damage    Failure   Level
 Apportation              Tloc           100%       N/A       1%          1
 Gell's Gravitas          Tloc           28%        N/A       1%          3
 Lesser Beckoning         Tloc           28%        N/A       1%          3
 Animate Skeleton         Necr           26%        N/A       4%          1
 Corona                   Hex            14%        N/A       4%          1
 Foxfire                  Conj/Fire      52%        2x1d6     4%          1
 Freeze                   Ice            52%        1d7       4%          1
 Magic Dart               Conj           52%        1d5       4%          1
 Pain                     Necr           52%        1d6       4%          1
 Sandblast                Erth           26%        2d8       4%          1
 Sting                    Tmut/Pois      52%        1d5       4%          1
 Summon Small Mammal      Summ           52%        N/A       4%          1
 Iskenderun's Mystic Bla  Conj/Tloc      36%        2d9       4%          4
 Corpse Rot               Necr/Air       N/A        N/A       8%          2
 Ensorcelled Hibernation  Hex/Ice        26%        N/A       8%          2
 Passwall                 Tmut/Erth      10%        N/A       8%          2
 Poisonous Vapours        Pois/Air       26%        N/A       8%          2
 Searing Ray              Conj           26%        3d4       8%          2
 Sublimation of Blood     Necr           6%         N/A       8%          2
 Conjure Flame            Conj/Fire      13%        6-21      14%         3
 Dazzling Flash           Conj/Hex       26%        N/A       14%         3
 Frozen Ramparts          Ice            26%        1d4       14%         3
 Ignite Poison            Fire/Tmut/Pois 13%        N/A       14%         3
 Inner Flame              Hex/Fire       13%        N/A       14%         3
 Mephitic Cloud           Conj/Pois/Air  13%        N/A       14%         3
 Spider Form              Tmut/Pois      6%         N/A       14%         3
 Tukima's Dance           Hex            13%        N/A       14%         3
 Vampiric Draining        Necr           6%         2d6       14%         3
 Animate Armour           Summ/Erth      26%        N/A       43%         4
 Animate Dead             Necr           6%         N/A       43%         4
 Dispel Undead            Necr           13%        3d9       43%         4
 Fulminant Prism          Conj/Hex       6%         3d7       43%         4
 Leda's Liquefaction      Hex/Erth       6%         N/A       43%         4
 Olgreb's Toxic Radiance  Pois           13%        N/A       43%         4
 Sticky Flame             Conj/Fire      13%        2d4       43%         4
 Agony                    Necr           13%        N/A       80%         5
 Alistair's Intoxication  Tmut/Pois      8%         N/A       80%         5
 Bolt of Magma            Conj/Fire/Erth 6%         4d6       80%         5
 Borgnjor's Vile Clutch   Necr/Erth      6%         N/A       80%         5
 Excruciating Wounds      Necr           6%         N/A       80%         5
 Fireball                 Conj/Fire      6%         3d5       80%         5
 Freezing Cloud           Conj/Ice/Air   6%         6-21      80%         5
 Iskenderun's Battlesphe  Conj           13%        2d7       80%         5
 Lee's Rapid Deconstruct  Erth           6%         3d7*      80%         5
 Silence                  Hex/Air        6%         N/A       80%         5
 Death Channel            Necr           6%         N/A       100%        6
 Invisibility             Hex            6%         N/A       100%        6
 Iron Shot                Conj/Erth      6%         9d2       100%        6
 Shadow Creatures         Summ           N/A        N/A       100%        6
 Simulacrum               Ice/Necr       6%         N/A       100%        6
 Statue Form              Tmut/Erth      8%         N/A       100%        6
 Orb of Destruction       Conj           6%         9d3       100%        7
 Spellforged Servitor     Conj/Summ      6%         N/A       100%        7
 Shatter                  Erth           6%         3d9*      100%        9


Dungeon Overview and Level Annotations

Branches:
Dungeon (15/15)            Temple (1/1) D:6            Lair (6/6) D:11
 Shoals (2/4) Lair:4       Spider (3/4) Lair:2        Slime (0/5) Lair:6
    Orc (2/2) D:11            Elf (0/3) Orc:2        Vaults (0/5) D:13
 Depths (0/5) D:15         Bailey (visited)

Altars:
Ashenzari
Cheibriados
Dithmenos
Elyvilon
Fedhas
Gozag
Hepliaklqana
Kikubaaqudgha
Makhleb
Nemelex Xobeh
Okawaru
Qazlal
Ru
Sif Muna
Trog
Uskayaw
Vehumet
Wu Jian
Xom
Yredelemnul
Zin
The Shining One

Shops:
D:9 (   D:11 [   Orc:2 =[[[*   Shoals:2 *


Innate Abilities, Weirdness & Mutations

You are too large for most types of armour.
You have tough skin. (AC +1)


Message History

You hit the merfolk impaler. You burn the merfolk impaler.
The merfolk impaler is severely wounded.
The merfolk impaler hits you with a +2 demon trident of freezing.
You miss the merfolk impaler.
The merfolk impaler is severely wounded.
The merfolk impaler hits you with a +2 demon trident of freezing!
The merfolk impaler freezes you.
You closely miss the merfolk impaler.
The merfolk impaler is severely wounded.
The merfolk impaler hits you with a +2 demon trident of freezing.
You barely miss the merfolk impaler.
The merfolk impaler is severely wounded.
The merfolk impaler hits you but does no damage.
You sock the merfolk impaler! You burn the merfolk impaler.
The merfolk impaler is almost dead.
The merfolk impaler hits you with a +2 demon trident of freezing!!
* * * LOW HITPOINT WARNING * * *
The merfolk impaler hits you with a +2 demon trident of freezing!!
* * * LOW HITPOINT WARNING * * *
The merfolk impaler freezes you.
* * * LOW HITPOINT WARNING * * *
Okay, then.
Okay, then.
Okay, then.
Casting: Manifold Assault (mildly dangerous; 1% risk of failure)
Confirm with . or Enter, or press ? or * to list all spells.
Aiming: Teleport Other (safe; 1% risk of failure)
Press: ? - help, Shift-Dir - straight line, f - merfolk impaler
Aim: a merfolk impaler, wielding a +2 demon trident of freezing and wearing a +0 leather armour (almost dead, chance to affect: 70%)
The merfolk impaler struggles to resist.
The merfolk impaler barely misses you.
Casting: Teleport Other (safe; 1% risk of failure)
Confirm with . or Enter, or press ? or * to list all spells.
Aiming: Teleport Other (safe; 1% risk of failure)
Press: ? - help, Shift-Dir - straight line, f/p - merfolk impaler
Aim: a merfolk impaler, wielding a +2 demon trident of freezing and wearing a +0 leather armour (almost dead, chance to affect: 70%)
The merfolk impaler struggles to resist.
The merfolk impaler misses you.
The merfolk impaler hits you with a +2 demon trident of freezing!!
You die...

≈ ####
≈≈≈.###.>#
≈≈≈....@##
≈≈≈≈..m.#
≈≈≈≈≈≈≈≈.
≈≈≈≈≈≈≈≈≈#
≈≈≈≈≈≈≈≈≈≈ ≈
≈≈≈≈≈≈≈≈≈≈≈
≈≈≈
≈≈≈≈≈≈≈≈≈≈≈
≈≈≈
≈≈≈≈≈≈≈≈≈≈≈≈
≈≈≈≈ ≈≈≈≈≈


You could see a merfolk impaler.

Vanquished Creatures
  Jorgrun (D:14)
  Frances (Lair:4)
  Agnes (D:15)
  Roxanne (Spider:1)
  3 ghost moths
  2 ghouls (D:14)
  Nessos (Lair:6)
  A spark wasp (Spider:3)
  4 entropy weavers
  Snorg (D:14)
  A merfolk impaler (Shoals:1)
  A fire dragon (Lair:2)
  Josephine (Spider:1)
  9 hydras
  Harold (D:11)
  6 boulder beetles
  A catoblepas (Lair:6)
  6 centaur warriors
  6 two-headed ogres
  6 death yaks (Lair:6)
  A deep troll shaman (Lair:6)
  A vampire mage (D:15)
  4 orc high priests (Orc:2)
  11 skeletal warriors
  A spark wasp zombie (D:15)
  2 sea snakes
  8 harpies (Shoals:2)
  A lindwurm (Lair:5)
  A necromancer (D:15)
  2 deep elf pyromancers
  2 wolf spider zombies (D:14)
  10 wolf spiders
  2 wizards
  10 orb spiders
  4 orc sorcerers
  2 orc knights (Orc:2)
  20 ugly things
  4 oklob plants (Lair:1)
  4 cyclopes
  6 manticores
  7 fauns
  Joseph (D:7)
  3 merfolk sirens
  A guardian serpent (shapeshifter) (D:13)
  6 black mambas
  10 elephants
  A guardian serpent (D:15)
  Maurice (Orc:2)
  3 water nymphs (Shoals:1)
  A torpor snail (Spider:3)
  18 cane toads
  An unseen horror (D:13)
  A kobold demonologist (D:13)
  3 rime drakes
  An efreet (D:15)
  13 demonic crawlers
  A tengu conjurer (D:15)
  12 komodo dragons
  A polar bear (Lair:6)
  2 wind drakes
  A guardian mummy (D:14)
  29 jumping spiders
  4 trolls
  11 merfolk
  4 hornets
  5 snapping turtles
  A snapping turtle (shapeshifter) (D:13)
  10 slime creatures
  13 blink frogs
  An ettin zombie (D:15)
  A deep troll skeleton (D:15)
  38 redbacks
  4 water elementals
  2 shadows
  A vampire (D:13)
  5 wyverns
  17 tarantellas
  An ettin skeleton (D:15)
  50 yaks
  5 wraiths
  3 basilisks
  A basilisk (shapeshifter) (D:13)
  10 vampire mosquitoes
  2 wargs
  17 water moccasins
  2 hornet zombies (D:14)
  3 black bears
  3 ice beasts
  2 sky beasts
  30 orc warriors
  5 ogres
  3 necrophages
  19 wolves
  13 centaurs
  3 phantoms
  15 bullfrogs
  A wyvern zombie (D:8)
  A gnoll sergeant (D:5)
  2 scorpions (D:4)
  2 troll zombies (D:11)
  6 wights
  3 howler monkeys
  12 electric eels
  7 centaur zombies
  8 hounds
  A bullfrog skeleton (D:7)
  A gnoll shaman (D:6)
  30 orc priests
  3 jellies
  3 centaur skeletons
  3 iguanas
  25 orc wizards
  A killer bee zombie (D:7)
  4 ogre zombies (D:11)
  A hound zombie (D:4)
  3 mummies (D:14)
  A howler monkey zombie (D:9)
  11 gnolls
  4 adders
  A shadow imp (D:7)
  A white imp (D:6)
  2 worms
  4 dart slugs
  48 orcs
  4 endoplasms
  2 giant cockroaches (D:2)
  3 goblins
  4 hobgoblins
  10 jackals
  4 quokkas
  7 ball pythons
  5 bats
  A frilled lizard (D:3)
  2 goblin zombies (D:11)
  2 hobgoblin zombies (D:11)
  6 kobolds
  2 orc skeletons (D:11)
  13 orc zombies (D:11)
  4 rats
829 creatures vanquished.

Vanquished Creatures (others)
  61 fungi
  69 plants
  8 withered plants
138 creatures vanquished.

Grand Total: 967 creatures vanquished

Notes
Turn   | Place    | Note
-------+----------+-------------------------------------------
     0 | D:1      | Nattfarinn the Ogre Warper began the quest for the Orb.
     0 | D:1      | Reached XP level 1. HP: 22/22 MP: 3/3
   116 | D:1      | Reached skill level 2 in Maces & Flails
   187 | D:1      | Reached XP level 2. HP: 5/31 MP: 5/5
  1084 | D:1      | You fall into a shaft and drop 1 floor!
  1084 | D:2      | Found a glowing silver altar of Zin.
  1401 | D:2      | Reached XP level 3. HP: 36/37 MP: 6/6
  1678 | D:2      | Found a faded altar of an unknown god.
  1841 | D:2      | Reached skill level 3 in Maces & Flails
  2590 | D:3      | Reached XP level 4. HP: 44/48 MP: 7/7
  3266 | D:4      | Noticed a black bear
  3465 | D:3      | Learned a level 2 spell: Blink
  3469 | D:3      | Learned a level 3 spell: Teleport Other
  3501 | D:4      | Reached XP level 5. HP: 55/55 MP: 8/8
  3609 | D:4      | Reached skill level 4 in Maces & Flails
  4176 | D:5      | Entered Level 5 of the Dungeon
  4177 | D:5      | Noticed a shadow
  4198 | D:5      | Noticed an orc warrior
  4432 | D:4      | Reached skill level 5 in Fighting
  4432 | D:4      | Reached XP level 6. HP: 24/66 MP: 9/9
  4753 | D:4      | Reached skill level 5 in Maces & Flails
  5100 | D:4      | Found a large runed translucent door.
  5101 | D:4      | Found a large runed translucent door.
  5420 | D:5      | Noticed a black bear
  5426 | D:5      | Reached XP level 7. HP: 73/74 MP: 10/10
  5710 | D:4      | Reached skill level 6 in Maces & Flails
  6109 | D:5      | Reached skill level 7 in Maces & Flails
  6109 | D:5      | Reached XP level 8. HP: 42/87 MP: 11/11
  6575 | D:5      | Killed a shadow
  6806 | D:5      | Found an ornate altar of the Wu Jian Council.
  6922 | D:4      | Found a glowing golden altar of the Shining One.
  7011 | D:4      | Found an ancient bone altar of Kikubaaqudgha.
  7083 | D:6      | Reached skill level 8 in Maces & Flails
  7492 | D:6      | Got the Disquisition on Shape Shifting and Ice
  7534 | D:6      | Reached XP level 9. HP: 95/96 MP: 14/14
  7545 | D:6      | Learned a level 5 spell: Manifold Assault
  7745 | D:6      | Found an iron altar of Okawaru.
  7753 | D:6      | Noticed a two-headed ogre
  7763 | D:6      | HP: 2/96 [two-headed ogre (11)]
  8323 | D:6      | Found a shadowy altar of Dithmenos.
  8495 | D:6      | Found a staircase to the Ecumenical Temple.
  8504 | Temple   | Entered the Ecumenical Temple
  8762 | D:6      | Killed a two-headed ogre
  8763 | D:6      | Reached skill level 5 in Spellcasting
  9167 | D:6      | Became a worshipper of Warmaster Okawaru
  9626 | D:7      | Identified 2 scrolls of acquirement
  9627 | D:7      | Acquired the amulet "Axaimang" {Regen+ Int+3 Slay+2}
  9628 | D:7      | Acquired a +0 morningstar of venom
 10064 | D:7      | Reached XP level 10. HP: 104/104 MP: 19/19
 10152 | D:7      | Noticed Joseph
 10178 | D:7      | Killed Joseph
 10178 | D:7      | Reached * piety under Okawaru
 10266 | D:7      | Found a hazy altar of Hepliaklqana.
 10530 | D:8      | Found a broken altar of Ashenzari.
 10960 | D:8      | Reached ** piety under Okawaru
 11099 | D:8      | Identified the +7 hunting sling of Collusion {flame, rC+++
                  | rCorr Str-4}
 12533 | D:9      | Found Jisch's Weapon Shop.
 12671 | D:9      | Paralysed by a hornet for 1 turns
 12674 | D:9      | Paralysed by a hornet for 1 turns
 12760 | D:9      | Found a basalt altar of Yredelemnul.
 13453 | D:10     | Entered Level 10 of the Dungeon
 13454 | D:10     | Noticed a two-headed ogre
 13461 | D:10     | Killed a two-headed ogre
 13582 | D:10     | Identified the +0 cloak "Utorikai" {-Cast rF++}
 13686 | D:10     | Reached XP level 11. HP: 100/111 MP: 0/23
 13978 | D:10     | Reached skill level 9 in Maces & Flails
 13978 | D:10     | Reached *** piety under Okawaru
 14335 | D:10     | Found a radiant altar of Vehumet.
 14750 | D:11     | Noticed a cyclops
 14752 | D:11     | Killed a cyclops
 14770 | D:11     | Found a flagged portal.
 14770 | D:11     | Noticed a two-headed ogre
 14778 | D:11     | Killed a two-headed ogre
 14792 | Bailey   | Entered a bailey
 15888 | D:11     | Found Koirud's Antique Armour Shoppe.
 15915 | D:11     | Noticed Harold
 15923 | D:11     | Killed Harold
 15923 | D:11     | Reached **** piety under Okawaru
 15924 | D:11     | Reached skill level 10 in Maces & Flails
 16407 | D:11     | Found a staircase to the Lair.
 16583 | D:11     | Found a staircase to the Orcish Mines.
 16928 | D:11     | Acquired the +4 great mace "Jothrapsi" {vorpal, rElec rPois
                  | rCorr Stlth+}
 17265 | D:12     | Noticed a manticore
 17270 | D:12     | Killed a manticore
 17271 | D:12     | Reached skill level 10 in Spellcasting
 17473 | D:12     | Noticed a manticore
 17478 | D:12     | Killed a manticore
 17478 | D:12     | Received a gift from Okawaru
 17632 | D:12     | Reached skill level 11 in Maces & Flails
 17699 | D:12     | Reached ***** piety under Okawaru
 17967 | D:12     | Reached XP level 12. HP: 115/120 MP: 2/26
 19597 | Lair:1   | Entered Level 1 of the Lair of Beasts
 19666 | Lair:1   | Reached skill level 12 in Maces & Flails
 20006 | D:11     | Received a gift from Okawaru
 21231 | Lair:1   | Reached skill level 13 in Maces & Flails
 21851 | Lair:2   | Noticed a five-headed hydra
 21859 | Lair:2   | Killed a five-headed hydra
 21860 | Lair:2   | Reached XP level 13. HP: 90/127 MP: 13/29
 22518 | Lair:2   | Found a hole to the Spider Nest.
 23717 | Lair:2   | Noticed a fire dragon
 23726 | Lair:2   | Killed a fire dragon
 24739 | Lair:3   | Reached skill level 14 in Maces & Flails
 24833 | Lair:3   | Received a gift from Okawaru
 26827 | Lair:4   | Found a staircase to the Shoals.
 26838 | Lair:4   | Reached XP level 14. HP: 82/136 MP: 2/31
 26845 | Lair:4   | Reached skill level 15 in Maces & Flails
 26933 | Lair:4   | Received a gift from Okawaru
 27112 | Lair:4   | Identified the +10 falchion of the Pit {elec, rC+}
 28120 | Lair:5   | Received a gift from Okawaru
 28247 | Lair:5   | Reached ****** piety under Okawaru
 29663 | Lair:6   | Entered Level 6 of the Lair of Beasts
 30020 | Lair:6   | Noticed Nessos
 30026 | Lair:6   | Killed Nessos
 30170 | Lair:6   | Received a gift from Okawaru
 30248 | Lair:6   | Found a staircase to the Slime Pits.
 30264 | Lair:6   | Reached skill level 10 in Fighting
 30562 | Lair:6   | Reached skill level 16 in Maces & Flails
 31015 | Lair:6   | Identified the +4 giant club "Zump" {flame, rElec rPois rC+
                  | Str+3} (Okawaru gifted it to you on level 6 of the Lair of
                  | Beasts)
 31015 | Lair:6   | Received a gift from Okawaru
 31927 | Lair:6   | Reached skill level 1 in Invocations
 32255 | Orc:1    | Entered Level 1 of the Orcish Mines
 32422 | Orc:1    | Reached XP level 15. HP: 106/154 MP: 21/32
 32560 | Orc:2    | Entered Level 2 of the Orcish Mines
 32749 | Orc:2    | Noticed Maurice
 32753 | Orc:2    | Killed Maurice
 32842 | Orc:2    | Found Iruyshrui's Jewellery Shop.
 32856 | Orc:2    | Found a staircase to the Elven Halls.
 32954 | Orc:2    | Received a gift from Okawaru
 34906 | Orc:2    | Found Poruhoma's Antique Armour Emporium.
 34907 | Orc:2    | Found Uhesiudd's Armour Shoppe.
 34908 | Orc:2    | Found Reaprog's General Store.
 34912 | Orc:2    | Found Reupaest's Armour Emporium.
 35355 | Orc:1    | Found a burning altar of Makhleb.
 35597 | Orc:2    | Received a gift from Okawaru
 36502 | D:13     | Reached skill level 5 in Invocations
 36795 | D:13     | Reached skill level 17 in Maces & Flails
 37027 | D:13     | Found a gate to the Vaults.
 37503 | D:14     | Noticed a ghoul
 37511 | D:14     | Killed a ghoul
 37886 | D:14     | Received a gift from Okawaru
 38336 | D:14     | Noticed Jorgrun
 38364 | D:14     | HP: 7/157 [something (2)]
 38364 | D:14     | HP: 2/157 [Jorgrun (5)]
 38766 | D:14     | Noticed a ghoul
 38777 | D:14     | Killed a ghoul
 38931 | D:14     | Killed Jorgrun
 38936 | D:14     | Identified the +4 hat "Utui" {rPois Will+ Str-2 Int+3}
                  | (Okawaru gifted it to you on level 14 of the Dungeon)
 38936 | D:14     | Received a gift from Okawaru
 39391 | D:14     | Reached XP level 16. HP: 167/167 MP: 31/33
 39960 | D:14     | Noticed Snorg
 39965 | D:14     | Killed Snorg
 40469 | D:15     | Entered Level 15 of the Dungeon
 40571 | D:15     | Noticed Agnes
 40576 | D:15     | Killed Agnes
 41313 | D:15     | Acquired 1184 gold pieces
 41883 | D:15     | Identified the +5 great mace of Okawaru's Fury {vorpal, rF+
                  | Str+4 Stlth+} (Okawaru gifted it to you on level 15 of the
                  | Dungeon)
 41883 | D:15     | Received a gift from Okawaru
 42114 | D:15     | Found a staircase to the Depths.
 42637 | D:15     | Reached skill level 18 in Maces & Flails
 42903 | Spider:1 | Entered Level 1 of the Spider Nest
 43103 | Spider:1 | Reached skill level 1 in Armour
 43914 | Spider:1 | Reached skill level 5 in Dodging
 43931 | Spider:1 | Noticed Josephine
 43932 | Spider:1 | Received a gift from Okawaru
 43937 | Spider:1 | Killed Josephine
 44182 | Spider:1 | You fall into a shaft and drop 1 floor!
 44415 | Spider:2 | Reached skill level 10 in Translocations
 44599 | Spider:2 | Reached XP level 17. HP: 176/178 MP: 34/34
 46185 | Spider:1 | Identified Roxanne's Volume of Earth
 46185 | Spider:1 | Noticed Roxanne
 46357 | Spider:1 | Killed Roxanne
 46357 | Spider:1 | Received a gift from Okawaru
 49064 | Shoals:1 | Entered Level 1 of the Shoals
 49064 | Shoals:1 | Noticed Frances
 49078 | Lair:4   | Killed Frances
 50111 | Shoals:1 | Reached skill level 1 in Shields
 51203 | Shoals:1 | Identified the +2 helmet of Henotheism {Rampage rCorr}
 51291 | Shoals:2 | Received a gift from Okawaru
 51744 | Shoals:2 | Found Utuxuus's General Store.
 52268 | Shoals:2 | Reached skill level 5 in Shields
 52307 | Shoals:1 | Slain by a merfolk impaler

Illustrated notes

Levels and vault maps discovered:
D:1:      ncdulo_halloftheorcs, layout_loops_cross, minmay_pentomino_q2
D:2:      layout_loops_cross, basic_altar, ebering_ecumenical_altar_ruins
D:3:      layout_rooms, minmay_box_of_dots
D:4:      layout_layer_cave, jmf_multi_god_temple2
D:5:      layout_gridville, pdpol_wu_jian_five_deadly_venoms,
          kennysheep_small_spiral, minmay_hedge_maze
D:6:      layout_basic, nicolae_dithmenos_through_a_glass_darkly,
          okawaru_trees_2, lemuel_temple_firewalk_b, serial_aquarium,
          aquarium_bridge_square [aquarium_subvault_bridge,
          aquarium_subvault_wall, aquarium_subvault_wall,
          aquarium_subvault_bridge], aquarium_window_1,
          aquarium_window_corridor_1, aquarium_window_2, aquarium_window_1,
          aquarium_view_2c, aquarium_balcony_3b
D:7:      layout_loops_ring, pf_just_have_faith, kennysheep_generic_room_14,
          uniq_joseph
D:8:      layout_cave_pools, nicolae_ashenzari_skybound
D:9:      layout_loops_cross, lemuel_crystal_altar, serial_shops, shop
D:10:     layout_cave_pods, lemuel_doored_altar
D:11:     layout_rooms, erik_lair_island, zombieorc1_lemuel, enter_bailey_2,
          serial_shops, shop_statue, uniq_harold
D:12:     layout_stronghold
D:13:     layout_loops_corners, david_vaults_2
D:14:     layout_stronghold, serial_undead, serial_undead_d, serial_undead_a,
          serial_undead_d, serial_undead_f, serial_undead_f, serial_undead_f,
          chequers_mini_garden, uniq_jorgrun, uniq_snorg
D:15:     gammafunk_depths_entry_grave, layout_basic, nicolae_wwwww,
          nrook_guardian_serpent_ordinary, uniq_agnes
Temple:   nicolae_temple_figure_eight
Lair:1:   layout_small_grid, grunt_forest_large_clearing_hut,
          lemuel_fruit_fields, grunt_megastairs_3, minmay_lair_oklob_chamber
Lair:2:   dragon1_lemuel, layout_loops_ring, nicolae_spider_entry_tight_spaces,
          lemuel_fruit_tree, serial_bayou_shore_a
Lair:3:   layout_regular_city, patterned_corridor
Lair:4:   layout_regular_city, elwin_shoals_entry_stream,
          chequers_serial_rivers_micro_d, grunt_megastairs_4,
          infiniplex_staircase_pool
Lair:5:   layout_layer_cave
Lair:6:   grunt_lair_end_beastmaster, layout_long_grid, slime_dummy, uniq_nessos
Shoals:1: layout_shoals, nicolae_shoals_loop_pool, uniq_frances
Shoals:2: cheibrodos_shoals_oceanic_diplomacy, layout_shoals, serial_shops,
          nicolae_shop_crystal
Spider:1: layout_chambers, drop_trap, uniq_roxanne, uniq_josephine
Spider:2: nicolae_spider_hilbert_zone_3 [nicolae_spider_hilbert_4_sides_2_open,
          nicolae_spider_hilbert_3_sides_1_open,
          nicolae_spider_hilbert_3_sides_1_open,
          nicolae_spider_hilbert_3_sides_1_open,
          nicolae_spider_hilbert_3_sides_1_open,
          nicolae_spider_hilbert_4_sides_1_open,
          nicolae_spider_hilbert_4_sides_1_open,
          nicolae_spider_hilbert_4_sides_1_open,
          nicolae_spider_hilbert_4_sides_1_open,
          nicolae_spider_hilbert_4_sides_1_open,
          nicolae_spider_hilbert_4_sides_1_open,
          nicolae_spider_hilbert_4_sides_1_open,
          nicolae_spider_hilbert_4_sides_1_open,
          nicolae_spider_hilbert_3_sides_1_open,
          nicolae_spider_hilbert_3_sides_1_open,
          nicolae_spider_hilbert_3_sides_1_open,
          nicolae_spider_hilbert_3_sides_1_open], nicolae_spider_bug_shape
Spider:3: layout_spider_delve
Orc:1:    layout_caves, basic_altar
Orc:2:    st_orc_mages, layout_caves, serial_shops, nicolae_diamond_shop,
          uniq_maurice

Skill      XL: |  1  2  3  4  5  6  7  8  9 10 11 12 13 14 15 16 17 |
---------------+----------------------------------------------------+-----
Maces & Flails | 2 3 4 5 7 8 11 13 14 16 17 18 | 18.0
Fighting       | 3 4 5 7 8 11 12 13 | 13.4
Translocations | 4 7 9 10 11 | 11.3
Spellcasting   | 3 6 8 10 12 13 | 13.6
Invocations    | 1 7 9 |  9.8
Armour         | 2 |  2.5
Dodging        | 5 8 |  8.2
Shields        | 5 |  5.1
Throwing       | |  1.0

Action                   |  1- 3 |  4- 6 |  7- 9 | 10-12 | 13-15 | 16-18 || total
-------------------------+-------+-------+-------+-------+-------+-------++-------
Melee: Mace              |   133 |   168 |       |       |       |       ||   301
       Giant club        |       |    10 |   233 |   323 |   492 |   818 ||  1876
       Great mace        |       |       |       |   260 |   568 |       ||   828
       Giant spiked club |       |       |       |       |     9 |       ||     9
Throw: Boomerang         |       |     5 |       |       |       |       ||     5
 Cast: Blink             |       |     3 |       |     2 |       |       ||     5
       Manifold Assault  |       |       |     9 |   209 |   474 |   398 ||  1090
       Teleport Other    |       |       |       |     3 |       |     2 ||     5
Invok: Heroism           |       |       |       |       |     2 |       ||     2
       Finesse           |       |       |       |       |     1 |       ||     1
Evoke: Wand              |       |       |       |       |     2 |       ||     2
  Use: Potion            |       |     4 |     1 |     2 |     2 |       ||     9
       Scroll            |       |     3 |     5 |    16 |    16 |     5 ||    45
 Stab: Sleeping          |     1 |     1 |       |       |       |       ||     2
Armor: Robe              |    50 |    64 |    61 |   106 |   100 |   180 ||   561
Dodge: Dodged            |    83 |   123 |   132 |   227 |   239 |   160 ||   964
       Repelled          |       |       |       |     1 |     2 |     2 ||     5

Table legend: (Time is in decaauts)
 A = Elapsed time spent in this place.
 B = Non-inter-level travel time spent in this place.
 C = Inter-level travel time spent in this place.
 D = Time resting spent in this place.
 E = Time spent auto-exploring this place.
 F = Levels seen in this place.
 G = Mean time per level.
                   A        B        C        D        E       F      G
               +--------+--------+--------+--------+--------+-----+--------+
         Total |  52361 |  49516 |   2845 |  17003 |  27284 |  30 | 1745.4 |
       Dungeon |  26213 |  24455 |   1758 |   7979 |  13504 |  15 | 1747.5 |
        Temple |    208 |    198 |     10 |      0 |    198 |   1 |  208.0 |
          Lair |  12963 |  12265 |    698 |   4318 |   7059 |   6 | 2160.5 |
        Shoals |   2626 |   2562 |     64 |   1162 |   1180 |   2 | 1313.0 |
   Spider Nest |   5701 |   5500 |    201 |   1491 |   3470 |   3 | 1900.3 |
  Orcish Mines |   3579 |   3466 |    113 |   1604 |   1421 |   2 | 1789.5 |
        Bailey |   1067 |   1067 |      0 |    448 |    449 |   1 | 1067.0 |
               +--------+--------+--------+--------+--------+-----+--------+

Top non-repeatable levels by time:
    D:14: 3065 daAuts
  Lair:2: 2733 daAuts
  Lair:4: 2547 daAuts
    D:11: 2493 daAuts
Spider:2: 2427 daAuts
    D:12: 2391 daAuts
  Lair:5: 2225 daAuts
  Lair:6: 2199 daAuts
    D:15: 2171 daAuts
Spider:1: 2148 daAuts
     D:4: 2065 daAuts
   Orc:2: 2042 daAuts
     D:6: 1969 daAuts
Shoals:1: 1877 daAuts
  Lair:1: 1720 daAuts
